[ AOE2 MATCH · #489774770 ]
UnrankedEthiopians vs Spanish
Player's team · WIN
Rival team · LOSS
[ REPLAY ANALYSIS · EXTRACTED FROM THE RECORDED GAME ]
Feudal
15:19
Castle
18:49
Imperial
—
| APM avg | 69.5 |
| APM peak | 107 |
| eAPM avg | 37.6 |
| Villagers / military | 39 / 24 |
Focus
⚔️ 58.2% · 🌾 41.8%
Archer ×9 · Militia ×9 · Galley ×6 · Unknown (2626) ×6 · Fishing Ship ×4
Feudal
10:08
Castle
20:29
Imperial
—
| APM avg | 36.1 |
| APM peak | 68 |
| eAPM avg | 21.5 |
| Villagers / military | 39 / 11 |
Focus
⚔️ 39.4% · 🌾 60.6%
Fishing Ship ×12 · Fire Galley ×7 · Knight ×4 · Unknown (2626) ×4
Match map
Initial resources + every placement click. Lines = walls · curves = elevation contours. ◆ gold · ⬟ stone · ● berries · ✦ relic · ◌ wall gap
Your base· Open — unwalled flank
MatzeAoE's base· Open — 2t gap
Smoothed initial terrain · ◌ = detected wall gap · hover for details
Inputs per minute
— TAG_Sitaux - - MatzeAoE
Build order — TAG_Sitaux
123 actions detected in the replay
| 0:00 | Create | Villager (Male) |
| 0:01 | Create | Villager (Male) |
| 0:01 | Build | House |
| 0:02 | Build | House |
| 0:07 | Create | Villager (Male) |
| 0:09 | Create | Villager (Male) |
| 0:09 | Create | Villager (Male) |
| 1:24 | Create | Villager (Male) |
| 1:45 | Create | Villager (Male) |
| 2:21 | Create | Villager (Male) |
| 2:44 | Build | Barracks |
| 2:48 | Create | Villager (Male) |
| 3:11 | Create | Villager (Male) |
| 3:13 | Build | House |
| 3:35 | Create | Villager (Male) |
| 3:39 | Create | Militia |
| 3:59 | Create | Militia |
| 4:15 | Research | Loom |
| 4:34 | Create | Villager (Male) |
| 4:48 | Build | House |
| 4:58 | Create | Villager (Male) |
| 5:24 | Create | Villager (Male) |
| 5:26 | Build | Lumber Camp |
| 5:44 | Create | Villager (Male) |
| 6:11 | Create | Villager (Male) |
| 6:29 | Create | Villager (Male) |
| 6:42 | Build | Dock |
| 6:51 | Create | Militia |
| 6:56 | Build | House |
| 7:06 | Create | Villager (Male) |
| 7:20 | Create | Fishing Ship |
| 7:33 | Create | Villager (Male) |
| 7:39 | Create | Militia |
| 7:52 | Build | Mining Camp |
| 7:57 | Create | Villager (Male) |
| 8:04 | Build | House |
| 8:18 | Create | Fishing Ship |
| 8:22 | Create | Villager (Male) |
| 8:40 | Create | Militia |
| 8:40 | Create | Militia |
| 8:50 | Create | Villager (Male) |
| 8:54 | Create | Fishing Ship |
| 9:12 | Create | Militia |
| 9:16 | Build | Palisade Wall |
| 9:17 | Create | Villager (Male) |
| 9:24 | Build | House |
| 9:32 | Create | Fishing Ship |
| 9:38 | Create | Militia |
| 9:50 | Create | Villager (Male) |
| 9:57 | Build | Mill |
| 10:19 | Create | Villager (Male) |
| 10:22 | Build | House |
| 10:37 | Build | Farm |
| 10:39 | Build | Farm |
| 10:42 | Create | Villager (Male) |
| 11:02 | Create | Villager (Male) |
| 11:05 | Build | Farm |
| 11:34 | Create | Villager (Male) |
| 11:54 | Build | Mill |
| 12:00 | Create | Villager (Male) |
| 12:26 | Create | Villager (Male) |
| 12:40 | Build | Farm |
| 12:43 | Build | Lumber Camp |
| 13:09 | Research | Feudal Age |
| 13:11 | Build | Outpost |
| 13:48 | Build | Farm |
| 13:49 | Build | Farm |
| 13:52 | Build | Farm |
| 14:17 | Create | Villager (Male) |
| 14:34 | Build | House |
| 14:43 | Build | Dock |
| 15:19 | Age | Feudal Age |
| 15:20 | Build | Archery Range |
| 15:22 | Build | Blacksmith |
| 15:29 | Create | Villager (Male) |
| 15:50 | Create | Unit 2626 |
| 15:59 | Build | House |
| 16:05 | Research | Castle Age |
| 16:06 | Create | Archer |
| 16:19 | Build | Dock |
| 16:28 | Research | Double-Bit Axe |
| 16:31 | Create | Unit 2626 |
| 16:49 | Create | Archer |
| 16:51 | Research | Man-at-Arms (upgrade) |
| 16:51 | Research | Man-at-Arms (upgrade) |
| 17:03 | Create | Unit 2626 |
| 17:22 | Create | Militia |
| 17:23 | Create | Archer |
| 17:30 | Build | House |
| 17:31 | Create | Unit 2626 |
| 17:37 | Create | Archer |
| 17:40 | Research | Arson |
| 17:44 | Research | Fletching |
| 17:48 | Research | Double-Bit Axe |
| 18:04 | Create | Unit 2626 |
| 18:17 | Create | Archer |
| 18:42 | Create | Unit 2626 |
| 18:49 | Age | Castle Age |
| 18:55 | Research | War Galley (upgrade) |
| 18:56 | Research | Forging |
| 18:56 | Research | Bodkin Arrow |
| 19:01 | Create | Villager (Male) |
| 19:23 | Create | Villager (Male) |
| 19:32 | Create | Galley |
| 19:37 | Create | Archer |
| 19:38 | Create | Villager (Male) |
| 19:42 | Build | Outpost |
| 19:45 | Create | Galley |
| 19:58 | Create | Villager (Male) |
| 20:15 | Create | Galley |
| 20:16 | Create | Galley |
| 20:26 | Build | House |
| 20:28 | Research | Long Swordsman (upgrade) |
| 20:39 | Research | Crossbowman (upgrade) |
| 20:44 | Create | Villager (Male) |
| 20:45 | Build | Farm |
| 21:00 | Create | Galley |
| 21:00 | Create | Galley |
| 21:20 | Create | Villager (Male) |
| 21:25 | Create | Archer |
| 21:51 | Create | Archer |
| 21:55 | Create | Archer |
| 21:58 | Create | Villager (Male) |
Build order — MatzeAoE
144 actions detected in the replay
| 0:00 | Create | Villager (Male) |
| 0:00 | Create | Villager (Male) |
| 0:01 | Build | House |
| 0:02 | Build | House |
| 0:07 | Create | Villager (Male) |
| 0:10 | Create | Villager (Male) |
| 1:23 | Create | Villager (Male) |
| 1:49 | Build | Lumber Camp |
| 1:57 | Create | Villager (Male) |
| 2:18 | Create | Villager (Male) |
| 2:31 | Create | Villager (Male) |
| 3:11 | Create | Villager (Male) |
| 3:31 | Create | Villager (Male) |
| 3:48 | Build | House |
| 4:06 | Create | Villager (Male) |
| 4:18 | Build | Palisade Wall |
| 4:22 | Build | Dock |
| 4:23 | Build | Palisade Wall |
| 4:30 | Create | Villager (Male) |
| 4:43 | Create | Villager (Male) |
| 4:53 | Create | Fishing Ship |
| 5:00 | Create | Villager (Male) |
| 5:05 | Build | House |
| 5:23 | Create | Villager (Male) |
| 5:34 | Build | Palisade Wall |
| 5:35 | Build | Palisade Wall |
| 5:39 | Build | Palisade Wall |
| 5:40 | Build | Palisade Wall |
| 5:42 | Build | Palisade Wall |
| 5:50 | Create | Villager (Male) |
| 5:52 | Create | Fishing Ship |
| 6:04 | Research | Loom |
| 6:30 | Create | Villager (Male) |
| 6:30 | Create | Fishing Ship |
| 6:53 | Build | House |
| 6:58 | Create | Villager (Male) |
| 7:18 | Create | Fishing Ship |
| 7:33 | Create | Villager (Male) |
| 7:53 | Research | Feudal Age |
| 8:09 | Build | Palisade Wall |
| 8:16 | Build | Palisade Wall |
| 8:20 | Build | Palisade Wall |
| 8:22 | Build | Palisade Wall |
| 8:35 | Build | Palisade Wall |
| 8:58 | Create | Fishing Ship |
| 9:10 | Build | House |
| 9:14 | Build | Palisade Wall |
| 9:15 | Build | Palisade Wall |
| 9:16 | Build | Palisade Wall |
| 9:19 | Build | Palisade Wall |
| 9:45 | Create | Villager (Male) |
| 9:48 | Build | Mining Camp |
| 10:08 | Age | Feudal Age |
| 10:10 | Create | Fire Galley |
| 10:12 | Build | House |
| 10:15 | Research | Double-Bit Axe |
| 10:25 | Create | Villager (Male) |
| 10:31 | Build | Palisade Wall |
| 10:40 | Build | Stone Wall |
| 10:51 | Build | Stone Wall |
| 10:52 | Create | Villager (Male) |
| 10:58 | Build | Stone Wall |
| 11:02 | Create | Fire Galley |
| 11:05 | Build | Dock |
| 11:08 | Create | Villager (Male) |
| 11:22 | Build | House |
| 11:36 | Create | Villager (Male) |
| 11:39 | Create | Fire Galley |
| 11:44 | Build | House |
| 11:45 | Create | Villager (Male) |
| 11:52 | Build | Gate |
| 11:56 | Build | Palisade Wall |
| 12:00 | Create | Villager (Male) |
| 12:02 | Build | Stone Wall |
| 12:02 | Build | Stone Wall |
| 12:03 | Build | Stone Wall |
| 12:05 | Build | Stone Wall |
| 12:14 | Create | Fishing Ship |
| 12:16 | Create | Villager (Male) |
| 12:23 | Create | Fishing Ship |
| 12:32 | Build | Lumber Camp |
| 12:49 | Create | Villager (Male) |
| 12:52 | Build | Mining Camp |
| 12:57 | Build | Mining Camp |
| 13:05 | Create | Fishing Ship |
| 13:23 | Build | Stone Wall |
| 13:27 | Build | Stone Wall |
| 13:30 | Create | Villager (Male) |
| 13:37 | Create | Fishing Ship |
| 13:38 | Create | Fishing Ship |
| 13:46 | Build | Mill |
| 13:59 | Build | House |
| 14:09 | Create | Villager (Male) |
| 14:27 | Create | Fishing Ship |
| 14:27 | Create | Fishing Ship |
| 14:37 | Research | Town Watch |
| 14:45 | Build | Stone Wall |
| 14:51 | Build | Stone Wall |
| 15:05 | Create | Villager (Male) |
| 15:07 | Build | Market |
| 15:36 | Create | Villager (Male) |
| 15:38 | Build | Blacksmith |
| 15:54 | Create | Villager (Male) |
| 15:57 | Build | Palisade Wall |
| 16:02 | Create | Fire Galley |
| 16:02 | Create | Fire Galley |
| 16:05 | Build | House |
| 16:21 | Build | House |
| 16:22 | Build | House |
| 16:26 | Create | Villager (Male) |
| 16:31 | Build | House |
| 16:47 | Create | Villager (Male) |
| 16:54 | Build | House |
| 17:05 | Create | Villager (Male) |
| 17:12 | Create | Fire Galley |
| 17:13 | Create | Fire Galley |
| 17:27 | Create | Unit 2626 |
| 17:28 | Create | Unit 2626 |
| 17:33 | Build | Dock |
| 17:49 | Research | Castle Age |
| 18:14 | Build | Stone Wall |
| 18:21 | Create | Unit 2626 |
| 18:21 | Create | Unit 2626 |
| 18:32 | Build | Stone Wall |
| 18:33 | Build | Stone Wall |
| 18:33 | Build | Stone Wall |
| 18:34 | Build | Stone Wall |
| 18:48 | Build | Lumber Camp |
| 19:12 | Build | Stone Wall |
| 19:24 | Build | Mining Camp |
| 19:26 | Build | Barracks |
| 19:52 | Build | Stable |
| 19:57 | Build | Stable |
| 20:29 | Age | Castle Age |
| 20:32 | Create | Knight |
| 20:33 | Create | Knight |
| 20:34 | Research | Scale Barding Armor |
| 20:35 | Research | Scale Barding Armor |
| 21:06 | Build | Town Center |
| 21:12 | Create | Villager (Male) |
| 21:16 | Create | Knight |
| 21:16 | Create | Knight |
| 21:34 | Create | Villager (Male) |
| 21:50 | Create | Villager (Male) |
Match timeline
| 2:44 | TAG_Sitaux · first_building Barracks |
| 4:18 | MatzeAoE · wall_segment Palisade Wall x1 |
| 4:22 | MatzeAoE · first_building Dock |
| 4:23 | MatzeAoE · wall_segment Palisade Wall x1 |
| 5:34 | MatzeAoE · wall_segment Palisade Wall x1 |
| 5:35 | MatzeAoE · wall_segment Palisade Wall x1 |
| 5:39 | MatzeAoE · wall_segment Palisade Wall x1 |
| 5:40 | MatzeAoE · wall_segment Palisade Wall x1 |
| 5:42 | MatzeAoE · wall_segment Palisade Wall x1 |
| 6:42 | TAG_Sitaux · first_building Dock |
| 8:09 | MatzeAoE · wall_segment Palisade Wall x7 |
| 8:16 | MatzeAoE · wall_segment Palisade Wall x1 |
| 8:20 | MatzeAoE · wall_segment Palisade Wall x1 |
| 8:22 | MatzeAoE · wall_segment Palisade Wall x3 |
| 8:35 | MatzeAoE · wall_segment Palisade Wall x3 |
| 9:14 | MatzeAoE · wall_segment Palisade Wall x1 |
| 9:15 | MatzeAoE · wall_segment Palisade Wall x1 |
| 9:16 | MatzeAoE · wall_segment Palisade Wall x1 |
| 9:16 | TAG_Sitaux · wall_segment Palisade Wall x1 |
| 9:19 | MatzeAoE · wall_segment Palisade Wall x8 |
| 10:08 | MatzeAoE · age_up feudal |
| 10:31 | MatzeAoE · wall_segment Palisade Wall x6 |
| 10:40 | MatzeAoE · wall_segment Stone Wall x8 |
| 10:51 | MatzeAoE · wall_segment Stone Wall x6 |
| 10:58 | MatzeAoE · wall_segment Stone Wall x6 |
| 11:56 | MatzeAoE · wall_segment Palisade Wall x1 |
| 12:02 | MatzeAoE · wall_segment Stone Wall x1 |
| 12:02 | MatzeAoE · wall_segment Stone Wall x1 |
| 12:03 | MatzeAoE · wall_segment Stone Wall x1 |
| 12:05 | MatzeAoE · wall_segment Stone Wall x1 |
| 13:23 | MatzeAoE · wall_segment Stone Wall x1 |
| 13:27 | MatzeAoE · wall_segment Stone Wall x1 |
| 14:45 | MatzeAoE · wall_segment Stone Wall x2 |
| 14:51 | MatzeAoE · wall_segment Stone Wall x4 |
| 15:19 | TAG_Sitaux · age_up feudal |
| 15:20 | TAG_Sitaux · first_building Archery Range |
| 15:57 | MatzeAoE · wall_segment Palisade Wall x1 |
| 17:45 | MatzeAoE · first_market_buy 100 food |
| 18:14 | MatzeAoE · wall_segment Stone Wall x7 |
| 18:32 | MatzeAoE · wall_segment Stone Wall x1 |
| 18:33 | MatzeAoE · wall_segment Stone Wall x1 |
| 18:33 | MatzeAoE · wall_segment Stone Wall x1 |
| 18:34 | MatzeAoE · wall_segment Stone Wall x1 |
| 18:49 | TAG_Sitaux · age_up castle |
| 19:12 | MatzeAoE · wall_segment Stone Wall x1 |
| 19:26 | MatzeAoE · first_building Barracks |
| 19:52 | MatzeAoE · first_building Stable |
| 20:29 | MatzeAoE · age_up castle |
| 21:59 | MatzeAoE · resign |
[ AI ANALYSIS · 1 CREDIT ]
What really happened in this match?
Wolo.gg analyzes every decision: build order, eco, micro, common mistakes by bracket. Personalized analysis on WhatsApp or Discord in 30 seconds.
Civ guide
Ethiopians
Perfil
Jugador #212721